 Dungeon Crawl Stone Soup version 0.21-a0-94-gdd6ab6a (webtiles) character file.

21 Lavandula the Vexing (level 2, 16/21 HPs)
             Began as a Mummy Arcane Marksman on July 2, 2017.
             Quit the game on level 2 of the Dungeon.
             The game lasted 00:03:44 (713 turns).

Lavandula the Vexing (Mummy Arcane Marksman)         Turns: 713, Time: 00:03:45

Health: 16/21      AC:  3    Str: 13    XL:     2   Next: 65%
Magic:  13/13      EV: 11    Int: 12    God:
Gold:   55         SH:  0    Dex: 12    Spells: 2/3 levels left

rFire    x . .     SeeInvis .   g - -1 hand axe (curse)
rCold    + . .     Gourm    .   (no shield)
rNeg     + + +     Faith    .   b - +0 leather armour
rPois    ∞         Spirit   .   (no helmet)
rElec    .         Reflect  .   (no cloak)
rCorr    .         Harm     .   (no gloves)
MR       .....                  (no boots)
Stlth    +.........             (no amulet)
HPRegen  0.07/turn              h - ring of magical power
MPRegen  0.13/turn              (no ring)

@: no status effects
A: no food or potions, fire vulnerability, cold resistance 1, negative energy
resistance 3, torment resistance, unbreathing
a: no special abilities


You were on level 2 of the Dungeon.
You were not hungry.

You visited 1 branch of the dungeon, and saw 3 of its levels.

You collected 55 gold pieces.

Inventory:

Hand Weapons
 a - a +1 hand crossbow
 g - a cursed -1 hand axe (weapon)
 i - a +0 short sword
 j - a +0 hand axe
 l - a cursed -2 whip
Missiles
 d - 34 bolts
 k - 2 throwing nets (quivered)
Armour
 b - a +0 leather armour (worn)
 e - a +0 robe
Jewellery
 h - a ring of magical power (left hand)
Scrolls
 f - 3 scrolls of teleportation
Books
 c - a book of Debilitation

   Spells                             Type                      Level
   a - Corona                         Hexes                        1
   b - Slow                           Hexes                        2
   c - Inner Flame                    Hexes/Fire                   3
   d - Portal Projectile              Hexes/Translocation          3
   e - Cause Fear                     Hexes                        4
   f - Leda's Liquefaction            Hexes/Earth                  4


   Skills:
 - Level 1.0 Fighting
 + Level 1.2 Axes
 - Level 2.1 Crossbows
 - Level 1.5 Dodging
 - Level 1.3 Spellcasting
 - Level 2.7 Hexes


You had 2 spell levels left.
You knew the following spells:

 Your Spells              Type           Power        Failure   Level  Hunger
a - Corona                Hex            #......      12%         1    N/A

Dungeon Overview and Level Annotations

Branches:
Dungeon (3/15)

Altars:
Hepliaklqana


Innate Abilities, Weirdness & Mutations

You do not eat or drink.
Your flesh is vulnerable to fire.
You are immune to poison.
Your flesh is cold resistant. (rC+)
You are immune to negative energy. (rN+++)
You are immune to unholy pain and torment.
You can survive without breathing.


Message History

A frilled lizard is nearby!
Casting: Corona
Confirm with . or Enter, or press ? or * to list all spells.
Aiming: Corona
Press: ? - help, Shift-Dir - straight line, f - frilled lizard
Aim: a frilled lizard (chance to defeat MR: 59%)
The frilled lizard is outlined in light.
You barely miss the frilled lizard. The frilled lizard bites you.
* * * LOW HITPOINT WARNING * * *
You barely miss the frilled lizard. The frilled lizard closely misses you.
You hit the frilled lizard.
You kill the frilled lizard!
d - 34 bolts (gained 17)
You see here a frilled lizard corpse.
You start resting.
A worm is nearby!
Found a fruit.
The adder hisses angrily.
Found a stone staircase leading down.
Are you sure you want to abandon this character and quit the game? (Confirm with "yes".)

#.# #.#.##...####..# .
##...##.# ......... #
### #.# .......# . ...
.##...# # #.# ##S..#
####### #.# #...#
#...... #.## #...#
#.####. #.##...###...#
#.# ##
.......@..########.####.
.....................#.#
##..##############.#..#
#> #.###.# # #%# . #.##
.... ### #.##. ###S
##.####.##.##
##............


You could see an adder.

Vanquished Creatures
  A leopard gecko (D:2)
  A ball python (D:2)
  2 bats (D:2)
  2 giant cockroaches
  A goblin (D:2)
  2 hobgoblins (D:2)
  2 jackals (D:2)
  A quokka (D:2)
  2 frilled lizards
  2 kobolds
  2 rats (D:1)
18 creatures vanquished.

Notes
Turn   | Place    | Note
-------+----------+-------------------------------------------
     0 | D:1      | Lavandula the Mummy Arcane Marksman began the quest for the Orb.
     0 | D:1      | Reached XP level 1. HP: 15/15 MP: 2/2
   236 | D:2      | Reached XP level 2. HP: 15/21 MP: 4/4
   317 | D:2      | Found a hazy altar of Hepliaklqana.
   495 | D:2      | Reached skill level 1 in Axes
   713 | D:2      | Quit the game

Vault maps used:
D:1:      co_arrival_square_in_a_square_in_a_square
D:2:      lemuel_doored_altar, minitemple, minmay_misc_feat_hallway
D:3:      first_bread, chequers_ecumenical_altar_island, bh_chokoban

Skill      XL: |  1  2 |
---------------+-------+-----
Crossbows      | 2 |  2.1
Axes           | 1 |  1.2
Fighting       | |  1.0
Dodging        | |  1.5
Spellcasting   | |  1.3
Hexes          | |  2.7

Action                   || total
-------------------------++-------
Melee: Hand axe          ||    49
 Fire: Hand crossbow     ||     8
 Cast: Corona            ||    12
  Use: Scroll            ||     3
Armor: Leather armour    ||    15
Dodge: Dodged            ||    34
